[Event "*** SCC Grand Prix: Titled Tuesday Blitz"]
[Site "Chess.com"]
[Date "2020.10.06"]
[Round "5"]
[White "CM_rui"]
[Black "Lupul_Cenusiu"]
[Result "0-1"]
[WhiteElo "2375"]
[BlackElo "2520"]
[TimeControl "180+1"]
[EndTime "10:56:08 PDT"]
[Termination "Lupul_Cenusiu won on time"]

1. e4 c5 2. Nf3 e6 3. c4 d6 4. d4 cxd4 5. Nxd4 Nf6 6. Nc3 Be7 7. Be2 O-O 8. Be3 a6 9. O-O Qc7 10. Rc1 Nbd7 11. Qd2 Nc5 12. f3 b6 13. Rfd1 Bb7 14.
Bf1 Rac8 15. Qf2 Qb8 16. b4 Ncd7 17. a3 Rfe8 18. Na4 Bd8 19. h3 g6 20. Nb3 Ba8 21. c5 dxc5 22. Bxa6 Bb7 23. Bxb7 Qxb7 24. bxc5 bxc5 25.
Nbxc5 Nxc5 26. Nxc5 Qa8 27. a4 Be7 28. Ra1 Rc6 29. a5 Rec8 30. Nd3 Nd7 31. Bd4 Rc2 32. Rd2 R2c4 33. Rda2 Qa6 34. Be3 Rc3 35. Nf4 Rxe3 36.
Qd2 Bc5 37. Kh1 Qd6 38. Qb2 Bd4 0-1

[Event "*** SCC Grand Prix: Titled Tuesday Blitz"]
[Site "Chess.com"]
[Date "2020.10.06"]
[Round "5"]
[White "UmarovSabir"]
[Black "Sashadav97"]
[Result "0-1"]
[WhiteElo "2373"]
[BlackElo "2604"]
[TimeControl "180+1"]
[EndTime "10:56:09 PDT"]
[Termination "Sashadav97 won on time"]

1. e4 c5 2. Nc3 Nc6 3. g3 g6 4.
Bg2 Bg7 5. Nge2 e6 6. d3 Nge7 7. Be3 Nd4 8. Qd2 O-O 9. O-O-O b5 10. e5 Nec6 11. f4 Rb8 12. Ne4 Qb6 13. c3 Nxe2+ 14.
Qxe2 Qa5 15. Bxc5 Qxa2 16. Bxf8 Bxf8 17. Nf6+ Kh8 18. Bxc6 b4 19. c4 b3 20. Be4 Bb4 21.
d4 Ba6 22. Bb1 Qa1 23. Nxd7 Rc8 24. Nc5 Bc3 25. f5 Bxc4 0-1

[Event "*** SCC Grand Prix: Titled Tuesday Blitz"]
[Site "Chess.com"]
[Date "2020.10.06"]
[Round "5"]
[White "eljanov"]
[Black "Margency"]
[Result "0-1"]
[WhiteElo "2810"]
[BlackElo "2659"]
[TimeControl "180+1"]
[EndTime "10:56:13 PDT"]
[Termination "Margency won by resignation"]

1. e4 c5 2. Nf3 d6 3. d4 cxd4 4.
Nxd4 Nf6 5. Nc3 a6 6. Be2 e6 7.
Be3 Be7 8. g4 h6 9. h4 b5 10. a3 Bb7 11. f3 Nbd7 12. Rg1 g6 13. Qd2 Rc8 14. Bxh6 Rxc3 15. bxc3 Nc5 16. Bg5 Qc7 17.
Qe3 e5 18. Nb3 Na4 19. Kd2 d5 20. exd5 Nxd5 21. Qd3 Nb2 22. Qe4 Bxg5+ 23. hxg5 Nxc3 24. Qe3 Nxe2 25. Qxe2 e4 26. fxe4 Qf4+ 27. Kc3 Na4+ 28.
Kd4 O-O 29. Kd3 Rd8+ 30. Nd4 Nc5+ 31. Kc3 Na4+ 32. Kd3 Bxe4+ 33. Qxe4 Nc5+ 0-1

[Event "*** SCC Grand Prix: Titled Tuesday Blitz"]
[Site "Chess.com"]
[Date "2020.10.06"]
[Round "5"]
[White "hurricane7791"]
[Black "GM_LOADING"]
[Result "0-1"]
[WhiteElo "2690"]
[BlackElo "2516"]
[TimeControl "180+1"]
[EndTime "10:56:14 PDT"]
[Termination "GM_LOADING won by resignation"]

1. d4 Nf6 2. c4 e6 3. Nc3 Bb4 4. Qc2 Nc6 5. Nf3 d6 6. Bd2 e5 7. a3 Bxc3 8. Bxc3 Qe7 9. d5 Nb8 10. e3 O-O 11. Be2 Bg4 12. O-O a5 13. b4 Nbd7 14. h3 Bh5 15. e4 Bg6 16. Bd3 Nh5 17. Rfe1 Nf4 18. Bf1 f5 19. exf5 Bxf5 20. Qd2 Qf7 21. Kh2 Qh5 22. Ng1 Nf6 23. f3 Bd7 24. g3 Nxh3 25. Nxh3 Qxf3 26. Qd3 Qh5 27. bxa5 Bxh3 28. Bxh3 Ng4+ 29. Kg2 Rf2+ 30. Kg1 Qxh3 0-1

[Event "*** SCC Grand Prix: Titled Tuesday Blitz"]
[Site "Chess.com"]
[Date "2020.10.06"]
[Round "5"]
[White "annazero"]
[Black "Nikolaj_6"]
[Result "1-0"]
[WhiteElo "2403"]
[BlackElo "2531"]
[TimeControl "180+1"]
[EndTime "10:56:16 PDT"]
[Termination "annazero won by resignation"]

1. d4 d5 2. Nf3 Nf6 3. c4 e6 4. g3 Be7 5. Bg2 O-O 6. O-O dxc4 7. Ne5 Nc6 8. Bxc6 bxc6 9. Nxc6 Qe8 10. Nxe7+ Qxe7 11. Qa4 c5 12. Qxc4 cxd4 13. Qxd4 e5 14. Qh4 h6 15. Nc3 Bb7 16. e4 Rac8 17. Be3 Rc4 18.
f3 Qb4 19. Rf2 Rc6 20. Rd1 Rfc8 21. Rfd2 Kh7 22. g4 Ng8 23. Qh5 f6 24. Qf5+ Kh8 25.
a3 Qb3 26. Bxa7 Rxc3 27. bxc3 Rxc3 28. Rd7 Bc8 29. Qg6 Bxd7 30. Rxd7 Qb1+ 31. Kg2 Rc2+ 32.
Bf2 Rxf2+ 33. Kxf2 Ne7 34. Rxe7 Qb6+ 35. Kg2 1-0

[Event "*** SCC Grand Prix: Titled Tuesday Blitz"]
[Site "Chess.com"]
[Date "2020.10.06"]
[Round "5"]
[White "GianmarcoVaR"]
[Black "semchik73"]
[Result "1-0"]
[WhiteElo "2472"]
[BlackElo "2303"]
[TimeControl "180+1"]
[EndTime "10:56:16 PDT"]
[Termination "GianmarcoVaR won by resignation"]

1. d4 d5 2. c4 c6 3. e3 Nf6 4. Nf3 g6 5. Nc3 Bg7 6. Bd3 O-O 7. O-O dxc4 8. Bxc4 Bg4 9. h3 Bxf3 10. Qxf3 Nbd7 11. Rd1 e5 12. d5 Qc7 13. dxc6 bxc6 14.
e4 Nb6 15. Bb3 Nfd7 16. Bg5 Nc5 17. Bf6 Nxb3 18. axb3 Nd7 19. Be7 Rfe8 20. Bd6 Qb6 21. Na4 Qb5 22. Rac1 Qb7 23. b4 a5 24. Nc5 Nxc5 25.
bxc5 Qxb2 26. Rb1 Qa2 27. Rb7 a4 28. Rd5 f5 29. Rd1 f4 30. Rdb1 a3 31. R1b3 Qa1+ 32. Kh2 a2 33. Qg4 Qd4 34. Qd7 1-0

[Event "*** SCC Grand Prix: Titled Tuesday Blitz"]
[Site "Chess.com"]
[Date "2020.10.06"]
[Round "5"]
[White "northridgehawk"]
[Black "draksbg"]
[Result "0-1"]
[WhiteElo "2300"]
[BlackElo "2580"]
[TimeControl "180+1"]
[EndTime "10:56:16 PDT"]
[Termination "draksbg won by resignation"]

1. e4 c5 2. Nf3 Nc6 3. d4 cxd4 4.
Nxd4 Qc7 5. Nc3 e6 6. f4 a6 7.
Be3 b5 8. Qf3 Bb7 9. O-O-O Bb4 10.
g4 Nge7 11. Nde2 Na5 12. Bd4 O-O 13. g5 Nc4 14. Rg1 Nc6 15. Bxg7 Kxg7 16. Ng3 Kh8 17.
Nh5 Rg8 18. Nf6 Rg7 19. Rxd7 Qb6 20. Qh5 Qxg1 21. Rxf7 Qxf1+ 22. Nd1 Rxf7 23. c3 Qxf4+ 24.
Kb1 Rxf6 25. gxf6 Qxf6 26. cxb4 N6e5 27. b3 Bxe4+ 28. Kc1 Rc8 29. bxc4 Nxc4 0-1

[Event "*** SCC Grand Prix: Titled Tuesday Blitz"]
[Site "Chess.com"]
[Date "2020.10.06"]
[Round "5"]
[White "mr65"]
[Black "kreonx"]
[Result "1/2-1/2"]
[WhiteElo "2157"]
[BlackElo "2349"]
[TimeControl "180+1"]
[EndTime "10:56:16 PDT"]
[Termination "Game drawn - insufficient material"]

1. e4 c6 2. Nc3 d5 3. Nf3 dxe4 4. Nxe4 Nf6 5. Nxf6+ exf6 6. d4 Bd6 7. Bd3 Qe7+ 8. Qe2 Qxe2+ 9. Bxe2 Bf5 10. c4 Bb4+ 11.
Bd2 Bxd2+ 12. Nxd2 Nd7 13. O-O O-O-O 14. Nf3 Rhe8 15. Rfe1 Nb6 16. Bf1 Bg4 17. Rxe8 Rxe8 18. Re1 Rd8 19. Re7 Bxf3 20. gxf3 Rxd4 21. Rxf7 Nxc4 22.
Bxc4 Rxc4 23. Rxg7 h5 24. Rg6 Rf4 25. Kg2 h4 26.
Rg4 Rxg4+ 27. fxg4 c5 28. Kf3 Kd7 29. Ke4 Ke6 30. f4 h3 31. a4 b6 32. b3 a6 33. g5 fxg5 34. fxg5 b5 35. a5 c4 36. bxc4 bxc4 37. Kd4 Kf5 38. Kxc4 Kxg5 39. Kc5 Kf4 40. Kb6 Kf3 41. Kxa6 Kg2 42. Kb6 Kxh2 43. a6 Kg1 44. a7 h2 45. a8=Q h1=Q 46. Qxh1+ Kxh1 1/2-1/2

[Event "*** SCC Grand Prix: Titled Tuesday Blitz"]
[Site "Chess.com"]
[Date "2020.10.06"]
[Round "5"]
[White "Atakishiyev04"]
[Black "Oleksandr_Bortnyk"]
[Result "0-1"]
[WhiteElo "2748"]
[BlackElo "2903"]
[TimeControl "180+1"]
[EndTime "10:56:18 PDT"]
[Termination "Oleksandr_Bortnyk won by resignation"]

1. d4 d6 2. g3 Nf6 3. Bg2 g6 4. Nf3 Bg7 5. O-O O-O 6. c4 Bf5 7. Nc3 Ne4 8. Nh4 Nxc3 9. bxc3 Bc8 10. Rb1 c6 11. Be3 Qa5 12. Qd2 Nd7 13. Rfc1 Nb6 14.
Rb4 Be6 15. Qd3 Qxa2 16. c5 dxc5 17. dxc5 Rad8 18. Bd4 Qa3 19. Qb1 Nd5 20. Rxb7 Bxd4 21. cxd4 Nc3 22. Rxc3 Qxc3 23. e3 Bd5 24. Bxd5 cxd5 25.
Nf3 a5 26. Ne5 a4 27. Nc6 Ra8 28. Nxe7+ Kg7 29. Nxd5 Qd2 30. Qa1 a3 31. Nc7 Rfb8 32.
d5+ Qb2 0-1

[Event "*** SCC Grand Prix: Titled Tuesday Blitz"]
[Site "Chess.com"]
[Date "2020.10.06"]
[Round "5"]
[White "m_ezat"]
[Black "diablanni"]
[Result "1-0"]
[WhiteElo "2552"]
[BlackElo "2389"]
[TimeControl "180+1"]
[EndTime "10:56:18 PDT"]
[Termination "m_ezat won on time"]

1. d4 Nf6 2. c4 c5 3. d5 b5 4.
cxb5 a6 5. Nc3 axb5 6. e4 b4 7.
Nb5 d6 8. Bf4 g5 9. Bxg5 Nxe4 10. Bf4 Nf6 11. Bd3 Bg7 12. Nf3 O-O 13. O-O Nbd7 14.
Nh4 Nb6 15. Nf5 Bxf5 16. Bxf5 Nbxd5 17. Bg3 Nb6 18. Re1 Re8 19. a4 Ra5 20. Bh4 Nbd7 21.
b3 Nf8 22. Ra2 Ng6 23. Bg3 Ra6 24. Rae2 e6 25. Bxg6 hxg6 26. Nxd6 Nd5 27. Qxd5 Re7 28. Qd1 Rd7 29. Rd2 Bf8 30. Nc4 1-0

[Event "*** SCC Grand Prix: Titled Tuesday Blitz"]
[Site "Chess.com"]
[Date "2020.10.06"]
[Round "5"]
[White "Stalri"]
[Black "keepitcoming"]
[Result "0-1"]
[WhiteElo "2144"]
[BlackElo "2475"]
[TimeControl "180+1"]
[EndTime "10:56:19 PDT"]
[Termination "keepitcoming won by checkmate"]

1. d4 d5 2. c4 e6 3. Nc3 c5 4.
cxd5 exd5 5. Nf3 Nc6 6. g3 Nf6 7. Bg2 Be7 8. O-O O-O 9. Bg5 c4 10. Ne5 Be6 11. Nxc6 bxc6 12. b3 Qa5 13. Rc1 Ba3 14.
Rc2 Bf5 15. e4 Nxe4 16. Nxe4 Bxe4 17. Bxe4 dxe4 18. Qg4 f5 19. Qf4 cxb3 20. axb3 Qd5 21. Qe5 Rfe8 22. Qc7 Rac8 23. Qxa7 Qxb3 24. Re2 Bd6 25.
Re3 Qd5 26. Rb1 h6 27. Rb7 hxg5 28. Rxg7+ Kf8 29. Rxg5 Be7 30. Rh5 Ra8 31. Qc7 Ra1+ 32. Kg2 Qb5 33. g4 Qf1+ 34. Kg3 Qg1+ 35. Kf4 Qxg4+ 36. Ke5 Bd8+ 37. Kd6 Bxc7+ 38. Kd7 Qxh5 39. d5 Re7+ 40. Kxc6 Ra6+ 41. Kb7 Qg6 42. d6 Qxd6 43. Rb3 Qc6+ 44. Kc8 Ra8+ 45. Rb8 Re8# 0-1

[Event "*** SCC Grand Prix: Titled Tuesday Blitz"]
[Site "Chess.com"]
[Date "2020.10.06"]
[Round "5"]
[White "GukeshDommaraju"]
[Black "NikolaGry"]
[Result "1-0"]
[WhiteElo "2801"]
[BlackElo "2615"]
[TimeControl "180+1"]
[EndTime "10:56:22 PDT"]
[Termination "GukeshDommaraju won by checkmate"]

1. d4 d5 2. Nf3 Nc6 3. c4 Bg4 4. cxd5 Bxf3 5. gxf3 Qxd5 6. e3 e5 7. Nc3 Bb4 8. Bd2 Bxc3 9. bxc3 Qd6 10. Qb1 b6 11. f4 exf4 12. e4 Rd8 13. e5 Qe6 14.
Bxf4 Nge7 15. Rg1 O-O 16. Bd3 f6 17. Bxh7+ Kh8 18. Be4 fxe5 19. d5 Nxd5 20. Bd2 Nf4 21. Rg3 Ne7 22. Qc2 Nf5 23. Rg5 Nh6 24. O-O-O Rd7 25.
Bxf4 Rxd1+ 26. Qxd1 exf4 27. Qd4 Re8 28. Qxg7# 1-0

[Event "*** SCC Grand Prix: Titled Tuesday Blitz"]
[Site "Chess.com"]
[Date "2020.10.06"]
[Round "5"]
[White "Denis_Makhnyov"]
[Black "johnathan113"]
[Result "0-1"]
[WhiteElo "2893"]
[BlackElo "2601"]
[TimeControl "180+1"]
[EndTime "10:56:23 PDT"]
[Termination "johnathan113 won by checkmate"]

1. d4 Nf6 2. c4 g6 3. g3 Bg7 4.
Bg2 O-O 5. Nc3 d6 6. Nf3 Nc6 7. O-O a6 8. Bf4 h6 9. Rc1 Rb8 10. d5 e5 11. Bd2 Ne7 12. e4 c6 13. b3 b5 14. dxc6 bxc4 15. Nd5 Nxc6 16. Rxc4 Bb7 17.
Nxf6+ Qxf6 18. Be3 Ne7 19. Nd2 Qe6 20. Qe2 f5 21. Ba7 Ra8 22. exf5 gxf5 23. Bxb7 Rxa7 24. Bg2 d5 25. Rc5 e4 26. Rfc1 f4 27. gxf4 Rxf4 28. Qe3 Rg4 29. Nf1 d4 30. Qh3 Ng6 31. Rc6 Nf4 32.
Rxe6 Nxh3+ 33. Kh1 Nxf2+ 34. Kg1 Rf7 35. Ng3 d3 36. Rc8+ Kh7 37. Nxe4 Nh3+ 38. Kh1 Rf1+ 39. Bxf1 Rg1# 0-1

[Event "*** SCC Grand Prix: Titled Tuesday Blitz"]
[Site "Chess.com"]
[Date "2020.10.06"]
[Round "5"]
[White "albi1999"]
[Black "ajdemipopushi"]
[Result "1-0"]
[WhiteElo "2600"]
[BlackElo "2346"]
[TimeControl "180+1"]
[EndTime "10:56:23 PDT"]
[Termination "albi1999 won by resignation"]

1. d4 Nf6 2. c4 c5 3. d5 b5 4.
cxb5 a6 5. bxa6 Bxa6 6. Nc3 g6 7. e4 Bxf1 8. Kxf1 d6 9. Nf3 Bg7 10. g3 Nbd7 11. Kg2 O-O 12. a4 Ra6 13. Re1 Qa8 14. Ra3 Nb6 15. b3 Rc8 16. Bd2 Nfd7 17. Qc2 c4 18. b4 Bxc3 19. Bxc3 Rxa4 20. Raa1 f6 21. Nd4 Ne5 22. Reb1 f5 23. b5 fxe4 24. Nc6 Rc7 25. Qxe4 Rxa1 26. Rxa1 Qf8 27. Nxe5 dxe5 28. Qxe5 Rd7 29. Qh8+ Kf7 30. Qxh7+ Ke8 31. Qxg6+ Kd8 32. Qxb6+ 1-0

[Event "*** SCC Grand Prix: Titled Tuesday Blitz"]
[Site "Chess.com"]
[Date "2020.10.06"]
[Round "5"]
[White "Kaua18"]
[Black "NotFischer"]
[Result "0-1"]
[WhiteElo "2436"]
[BlackElo "2288"]
[TimeControl "180+1"]
[EndTime "10:56:23 PDT"]
[Termination "NotFischer won on time"]

1. e4 d5 2. exd5 Nf6 3. Bb5+ Nbd7 4. Nc3 a6 5. Bc4 b5 6. Bb3 Nb6 7. Nf3 Bb7 8. O-O Nfxd5 9. Re1 e6 10. Ne5 Be7 11. Qh5 O-O 12. d3 Nxc3 13. bxc3 Nd5 14. c4 Nf6 15. Qh3 Qd4 16. Bg5 Ng4 17. Nxg4 Bxg5 18. Rad1 Rad8 19. cxb5 axb5 20. Ne3 c5 21. Qg4 Bxe3 22. Qe2 Bh6 23. g3 g6 24. h4 Bg7 25.
Qd2 c4 0-1

[Event "*** SCC Grand Prix: Titled Tuesday Blitz"]
[Site "Chess.com"]
[Date "2020.10.06"]
[Round "5"]
[White "PauloCesarCosta_sad"]
[Black "Orest_Vovk"]
[Result "1/2-1/2"]
[WhiteElo "2291"]
[BlackElo "2446"]
[TimeControl "180+1"]
[EndTime "10:56:24 PDT"]
[Termination "Game drawn by repetition"]

1. Nf3 Nc6 2. d4 e5 3. dxe5 Qe7 4. Nc3 Nxe5 5. Nxe5 Qxe5 6. Be3 Bc5 7. Bxc5 Qxc5 8. e3 Nf6 9. Qd4 Qxd4 10. exd4 a6 11. Bd3 O-O 12. O-O d6 13. Rfe1 Bd7 14. Ne4 Nxe4 15.
Bxe4 c6 16. Re3 Rfe8 17. Rae1 d5 18. Bd3 Rxe3 19. Rxe3 Re8 20. Rxe8+ Bxe8 21. Kf1 h6 22.
Ke2 Kf8 23. Ke3 Ke7 24. c3 Kd6 25. b4 Bd7 26. g3 Bc8 27. Kf4 b6 28. Bf5 Be6 29.
Bxe6 Kxe6 30. h4 Kf6 31. Kg4 g5 32. hxg5+ hxg5 33. f4 gxf4 34. gxf4 Kg6 35. f5+ Kh6 36. Kh4 Kg7 37. Kg5 f6+ 38. Kh5 Kh7 39. Kg4 Kh6 40. Kh4 a5 41. a3 a4 42. Kg4 Kg7 43. Kh5 Kh7 44. Kg4 Kh6 45. Kh4 Kg7 46. Kh5 Kh7 47.
Kg4 Kh6 48. Kh4 Kg7 49. Kh5 1/2-1/2

[Event "*** SCC Grand Prix: Titled Tuesday Blitz"]
[Site "Chess.com"]
[Date "2020.10.06"]
[Round "5"]
[White "Beltraxtor"]
[Black "guillembaches"]
[Result "0-1"]
[WhiteElo "2558"]
[BlackElo "2423"]
[TimeControl "180+1"]
[EndTime "10:56:25 PDT"]
[Termination "guillembaches won by resignation"]

1. e4 c5 2. Nf3 d6 3. d4 cxd4 4.
Nxd4 Nf6 5. Nc3 Nc6 6. Bg5 e6 7. Qd2 h6 8. Bh4 Nxe4 9. Bxd8 Nxd2 10. Bb5 Kxd8 11. Nxc6+ bxc6 12. Bxc6 Rb8 13. Kxd2 Rxb2 14. Rab1 Rxb1 15. Rxb1 Kc7 16. Bf3 a6 17. a4 d5 18.
a5 Bc5 19. Ke2 Bd7 20. Ra1 Rb8 21. Na4 Bxa4 22. Rxa4 Rb2 23. Kd3 Bxf2 24. c4 d4 25. c5 f5 26. Ra1 Rb3+ 27. Kc4 Rc3+ 28. Kb4 e5 29. Bd5 Rc2 30. Bb3 Rb2 31. Rc1 e4 32. Ka3 Rxb3+ 33. Kxb3 e3 0-1

[Event "*** SCC Grand Prix: Titled Tuesday Blitz"]
[Site "Chess.com"]
[Date "2020.10.06"]
[Round "5"]
[White "AlexeiShirov"]
[Black "Reader777"]
[Result "1-0"]
[WhiteElo "2845"]
[BlackElo "2650"]
[TimeControl "180+1"]
[EndTime "10:56:26 PDT"]
[Termination "AlexeiShirov won by resignation"]

1. e4 c5 2. Nf3 d6 3. d4 cxd4 4. Nxd4 e6 5. Nc3 Nc6 6. g4 Nge7 7. Be3 a6 8. f4 Nxd4 9. Qxd4 Nc6 10. Qd2 Bd7 11. g5 Rc8 12. h4 Be7 13. h5 Qa5 14. a3 b5 15. Bd3 Nb4 16. O-O Nxd3 17. cxd3 Bc6 18. f5 exf5 19. Rxf5 g6 20. Rf3 Qc7 21.
Raf1 O-O 22. Bd4 Qd7 23. Qg2 d5 24. e5 Qb7 25. Ne2 Bd7 26. Nf4 Bf5 27. Re3 Rfd8 28.
hxg6 fxg6 29. Nh5 Qd7 30. e6 Qc7 31. Nf6+ Kf8 32. Nxh7+ Ke8 33. Nf6+ Kf8 34. Qh1 1-0

[Event "*** SCC Grand Prix: Titled Tuesday Blitz"]
[Site "Chess.com"]
[Date "2020.10.06"]
[Round "5"]
[White "Itk04"]
[Black "seorobert1971"]
[Result "0-1"]
[WhiteElo "2461"]
[BlackElo "2709"]
[TimeControl "180+1"]
[EndTime "10:56:27 PDT"]
[Termination "seorobert1971 won on time"]

1. d4 Nf6 2. c4 g6 3. Nc3 d5 4.
cxd5 Nxd5 5. e4 Nxc3 6. bxc3 Bg7 7.
Bc4 c5 8. Ne2 Nc6 9. Be3 Qc7 10.
O-O O-O 11. Rc1 Rd8 12. h4 b6 13. h5 Na5 14. Bd3 Bd7 15. d5 c4 16. Bc2 e6 17. h6 Bf8 18. Bg5 Re8 19. Ng3 Bc5 20. Qf3 Bd6 21. e5 Bxe5 22. Ne4 f5 23. Nf6+ Bxf6 24.
Bxf6 e5 25. Rcd1 Qd6 26. Bg5 Nb7 27. Bc1 Nc5 28. Ba3 b5 29. Rfe1 a5 30. Qg3 Rac8 31. Qg5 Kf7 32. f4 e4 33. Bc1 Qf6 34. Qg3 b4 35.
cxb4 axb4 36. Be3 Nd3 0-1

[Event "*** SCC Grand Prix: Titled Tuesday Blitz"]
[Site "Chess.com"]
[Date "2020.10.06"]
[Round "5"]
[White "lukas_111111"]
[Black "Kacparov"]
[Result "0-1"]
[WhiteElo "2514"]
[BlackElo "2742"]
[TimeControl "180+1"]
[EndTime "10:56:27 PDT"]
[Termination "Kacparov won by resignation"]

1. d4 Nf6 2. c4 e6 3. Nc3 Bb4 4. Qc2 d5 5. a3 Bxc3+ 6. Qxc3 O-O 7. Nf3 Ne4 8. Qc2 Nd7 9. Bf4 c6 10. e3 Ndf6 11. Bd3 b6 12. O-O Bb7 13. Ne5 h6 14. f3 Nd6 15. cxd5 Nxd5 16. Nxc6 Bxc6 17. Qxc6 Nxf4 18.
exf4 Nf5 19. Kh1 Qxd4 20. Qe4 Rad8 21. Rfd1 g6 22. Rd2 Qf6 23. g3 Rd7 24. Rad1 Rfd8 25. Qe2 Nd4 26. Qf1 Nb3 27. Rc2 Nc5 28. Be2 Rxd1 29. Bxd1 Qd4 30. Be2 Qe3 31. b4 Nb3 32.
Bc4 Nd2 33. Qe2 Nxc4 34. Qxc4 Qxf3+ 35. Kg1 Rd1+ 0-1

[Event "*** SCC Grand Prix: Titled Tuesday Blitz"]
[Site "Chess.com"]
[Date "2020.10.06"]
[Round "5"]
[White "GmSergioBarrientos"]
[Black "Larina_Marija"]
[Result "0-1"]
[WhiteElo "2679"]
[BlackElo "2235"]
[TimeControl "180+1"]
[EndTime "10:56:28 PDT"]
[Termination "Larina_Marija won by resignation"]

1. e4 c6 2. c4 d5 3. exd5 cxd5 4. d4 Nf6 5. Nc3 e6 6. Nf3 Nc6 7. cxd5 Nxd5 8. Bc4 Nb6 9. Bb3 Be7 10. O-O O-O 11. d5 exd5 12. Nxd5 Nxd5 13. Bxd5 Bf5 14. Be3 Nb4 15. Bb3 a5 16. Nd4 Bd3 17. Re1 a4 18.
Bxa4 Bf6 19. Qb3 Qa5 20. Bd7 Rfd8 21. Bf5 Bxd4 22. Bxd3 Nxd3 23. Qxd3 Bxb2 24. Qb3 Bxa1 25. Rxa1 b5 26. h3 h6 27. a3 Qa4 28. Qxa4 Rxa4 29. Bc5 Rd5 30. Be7 Rd3 31. Rb1 Rd5 32. Bb4 f5 33.
Re1 Kf7 34. Re7+ Kf6 35. Rc7 g5 36. g3 Ra6 37. Kg2 Re6 38. Bc3+ Kg6 39. Rg7+ Kh5 40. Kf3 Rd3+ 41. Kg2 Rxc3 0-1

[Event "*** SCC Grand Prix: Titled Tuesday Blitz"]
[Site "Chess.com"]
[Date "2020.10.06"]
[Round "5"]
[White "Fins0905"]
[Black "kot60"]
[Result "1-0"]
[WhiteElo "2637"]
[BlackElo "2433"]
[TimeControl "180+1"]
[EndTime "10:56:28 PDT"]
[Termination "Fins0905 won on time"]

1. e4 e5 2. Nf3 Nc6 3. Bb5 a6 4. Bxc6 dxc6 5. O-O f6 6. d4 exd4 7. Nxd4 Bd6 8. Be3 Qe7 9. Nd2 Bd7 10. Nc4 Qxe4 11. Bh6 Qg6 12. Nxd6+ cxd6 13. Bf4 d5 14.
Re1+ Kf7 15. Qd2 c5 16. Ne6 Bxe6 17. Rxe6 Qf5 18. Rae1 g5 19. Bd6 Rc8 20. h3 h5 21. Qa5 Rc6 22. Qd8 1-0

[Event "*** SCC Grand Prix: Titled Tuesday Blitz"]
[Site "Chess.com"]
[Date "2020.10.06"]
[Round "5"]
[White "GregShahade"]
[Black "Anton_Demchenko"]
[Result "1-0"]
[WhiteElo "2660"]
[BlackElo "2818"]
[TimeControl "180+1"]
[EndTime "10:56:29 PDT"]
[Termination "GregShahade won on time"]

1. e4 c6 2. Nc3 d5 3. Nf3 dxe4 4. Nxe4 Nf6 5. Qe2 Bf5 6. Nxf6+ gxf6 7. d3 Nd7 8. g3 e6 9. Bg2 Bg6 10. O-O Bd6 11. d4 Qc7 12. c4 O-O 13. Bh6 Rfe8 14. Rad1 c5 15. Rfe1 Rad8 16. d5 Bf8 17. Be3 exd5 18.
Rxd5 Nb6 19. Rxd8 Rxd8 20. Nh4 Bd6 21. b3 Be5 22. Qf3 Bc3 23. Bf4 Be5 24. Bxe5 fxe5 25. Qf6 Re8 26. Nf5 Bxf5 27. Qxf5 Re6 28. Be4 h6 29. Qh7+ Kf8 30. Rd1 Ke7 31. a4 Rd6 32. Re1 Nd7 33. Bd5 Rf6 34. Qe4 Nf8 35. Bxb7 Ne6 36. Bd5 1-0

[Event "*** SCC Grand Prix: Titled Tuesday Blitz"]
[Site "Chess.com"]
[Date "2020.10.06"]
[Round "5"]
[White "LiamVrolijk"]
[Black "Legendinunknown"]
[Result "1-0"]
[WhiteElo "2825"]
[BlackElo "2640"]
[TimeControl "180+1"]
[EndTime "10:56:29 PDT"]
[Termination "LiamVrolijk won by resignation"]

1. d4 d5 2. c4 c6 3. Nf3 Nf6 4. Nc3 e6 5. e3 Nbd7 6. Qc2 Bd6 7.
b3 O-O 8. Be2 b6 9. Bb2 Bb7 10.
O-O Rc8 11. Rad1 Qe7 12. Rfe1 c5 13. cxd5 Nxd5 14. Nxd5 exd5 15. dxc5 bxc5 16. Qf5 g6 17. Qh3 Rfd8 18. Qh6 Ne5 19. Nxe5 Bxe5 20. Bxe5 Qxe5 21. Qh4 d4 22. Bg4 Rb8 23. exd4 Qf4 24. g3 Qc7 25. Qf6 cxd4 26. Re7 1-0

[Event "*** SCC Grand Prix: Titled Tuesday Blitz"]
[Site "Chess.com"]
[Date "2020.10.06"]
[Round "5"]
[White "Ladislav1969"]
[Black "ehrenfeld"]
[Result "0-1"]
[WhiteElo "2369"]
[BlackElo "2515"]
[TimeControl "180+1"]
[EndTime "10:56:29 PDT"]
[Termination "ehrenfeld won on time"]

1. e4 e5 2. Bc4 Nf6 3. d3 Nc6 4. Nc3 Na5 5. Nge2 Be7 6. Ng3 d6 7. O-O c6 8. Re1 h5 9. Bg5 h4 10. Nf5 Bxf5 11. exf5 h3 12. g4 Nd7 13. Bd2 d5 14.
Bb3 Nxb3 15. axb3 Kf8 16. Qf3 Bg5 17. Bxg5 Qxg5 18. Kh1 Nf6 19. Rg1 Rh4 20. Rae1 Re8 21.
Rg3 Rxg4 22. Rxh3 Kg8 23. Rg3 Qh4 24. Reg1 Rxg3 25. Qxg3 Qh6 26. Ne2 Kf8 27. f4 e4 28.
Nd4 Nh5 29. Qg5 Nxf4 30. Qxh6 gxh6 31. f6 exd3 32. Nf5 dxc2 33. Ne7 Ng6 0-1

[Event "*** SCC Grand Prix: Titled Tuesday Blitz"]
[Site "Chess.com"]
[Date "2020.10.06"]
[Round "5"]
[White "tk22h"]
[Black "As0nchess"]
[Result "0-1"]
[WhiteElo "2343"]
[BlackElo "2508"]
[TimeControl "180+1"]
[EndTime "10:56:30 PDT"]
[Termination "As0nchess won by resignation"]

1. c4 c5 2. Nf3 Nc6 3. Nc3 g6 4. e3 Nf6 5. d4 cxd4 6. exd4 d5 7. cxd5 Nxd5 8. Qb3 Nxc3 9. Bc4 e6 10. bxc3 Bg7 11.
Ba3 Na5 12. Bb5+ Bd7 13. Qa4 Nc6 14. O-O a6 15. Bxc6 Bxc6 16. Qd1 Qa5 17. Bb4 Qf5 18. Re1 Bxf3 19. Qxf3 Qxf3 20. gxf3 O-O-O 21. a4 Rd5 22. Rab1 b6 23. a5 b5 24. Bc5 Bf8 25. Bb6 Kd7 26. Rbc1 Bh6 27. Rc2 Rc8 28. Bc5 Rg5+ 29. Kf1 Rh5 30.
Kg2 Bf4 31. h3 Rg5+ 32. Kf1 Bd6 33. Bb6 Rc4 34. Rec1 Bf4 35. Rd1 b4 36. Rd3 Rb5 37. Bc5 b3 38. Rb2 Bc1 39. Rb1 b2 40. Bb4 Kc6 41. Ke2 Kd5 42. Kd1 Rc7 43. Ba3 Rb3 44. Bb4 Rxb4 45. cxb4 Kc4 46. Ra3 Kxb4 47. Rd3 Rc3 48.
Ke2 Rxd3 49. Kxd3 Kb3 50. h4 h5 0-1

[Event "*** SCC Grand Prix: Titled Tuesday Blitz"]
[Site "Chess.com"]
[Date "2020.10.06"]
[Round "5"]
[White "alexrustemov"]
[Black "TheMagnet"]
[Result "1/2-1/2"]
[WhiteElo "2741"]
[BlackElo "2589"]
[TimeControl "180+1"]
[EndTime "10:56:31 PDT"]
[Termination "Game drawn by repetition"]

1. d4 Nf6 2. c4 g6 3. g3 Bg7 4. Bg2 O-O 5. Nc3 d6 6. Nf3 Nc6 7. O-O a6 8. b3 Rb8 9. Nd5 b5 10.
Nxf6+ Bxf6 11. Bh6 Re8 12. Rc1 Bg4 13. cxb5 Bxf3 14.
bxc6 Bxg2 15. Kxg2 Rb4 16. e3 Qb8 17. Qd3 Qb6 18.
Rc4 a5 19. Rfc1 Rb8 20. h4 Qb5 21. d5 a4 22. Rxb4 Qxb4 23. Rc4 Qb5 24. bxa4 Qa5 25.
a3 Rb2 26. Rb4 Rxb4 27. axb4 Qxa4 28. b5 Qb4 29. e4 Bd4 30. Bd2 Qb2 31. Be3 Bxe3 32.
Qxe3 Qxb5 33. Qa7 Qe2 34. Qxc7 Qxe4+ 35. Kh2 Qd4 36. Qb8+ Kg7 37. Kg1 Qd1+ 38. Kh2 Qd4 39. Qb3 Qxf2+ 40. Kh3 Qf1+ 41. Kh2 Qf2+ 42. Kh3 Qf1+ 43.
Kh2 Qf2+ 1/2-1/2

[Event "*** SCC Grand Prix: Titled Tuesday Blitz"]
[Site "Chess.com"]
[Date "2020.10.06"]
[Round "5"]
[White "kirillgenius"]
[Black "Revnov"]
[Result "0-1"]
[WhiteElo "2341"]
[BlackElo "2699"]
[TimeControl "180+1"]
[EndTime "10:56:31 PDT"]
[Termination "Revnov won on time"]

1. e4 c5 2. Nf3 d6 3. Nc3 Nf6 4. d4 cxd4 5. Nxd4 a6 6. Bc4 e6 7. Bb3 Nc6 8. Be3 Na5 9. Qe2 Be7 10. O-O-O Qc7 11. g4 O-O 12. g5 Nxb3+ 13. axb3 Nd7 14. Rhg1 b5 15. Qh5 g6 16. Qh6 b4 17. Rg3 Re8 18.
Rh3 Nf8 19. Na4 e5 20. Ne2 Bxh3 21. Qxh3 Rab8 22. Kb1 Rec8 23. Rd2 Ne6 24. Qg4 Bf8 25. h4 Rd8 26. h5 Nc5 27. Nxc5 dxc5 28. Nc1 c4 29.
bxc4 Qxc4 30. b3 Qf1 0-1